 Dungeon Crawl Stone Soup version 0.26-b1-32-g5d43845318 (webtiles) character file.

Game seed: 3807677981374484712

17 MajorAdolf the Sneak (level 2, -2/25 HPs)
             Began as a Naga Wanderer on Jan 8, 2021.
             Slain by a goblin
             ... wielding a +0 dagger
             ... led by Robin
              (5 damage)
             ... on level 2 of the Dungeon.
             The game lasted 00:01:17 (1759 turns).

MajorAdolf the Sneak (Naga Wanderer)                Turns: 1759, Time: 00:01:17

Health: -2/25      AC:  1    Str: 14    XL:     2   Next: 62%
Magic:  5/5        EV:  9    Int: 14    God:
Gold:   58         SH:  0    Dex:  8    Spells: 5/5 levels left

rFire    . . .     SeeInvis +   e - +0 dagger
rCold    . . .     Faith    .   (no shield)
rNeg     . . .     Spirit   .   d - +0 robe
rPois    +         Reflect  .   (no helmet)
rElec    .         Harm     .   (no cloak)
rCorr    .         Rampage  .   (no gloves)
Will     .....                  (no barding)
Stlth    ++........             (no amulet)
HPRegen  0.08/turn              (no ring)
MPRegen  0.09/turn              (no ring)

@: very slow
A: large, see invisible, deformed body, poison resistance, slowness 2, spit
poison 1, AC +0
a: Spit Poison


You were on level 2 of the Dungeon.
You visited 1 branch of the dungeon, and saw 2 of its levels.

You collected 58 gold pieces.

Inventory:

Hand Weapons
 a - a +2 quarterstaff
 e - a +0 dagger (weapon)
Armour
 d - a +0 robe (worn)
Scrolls
 b - 5 scrolls of remove curse {unknown}
 g - 3 scrolls of identify {unknown}
 h - a scroll of teleportation {unknown}
Potions
 c - a potion of berserk rage {unknown}
 f - a potion of degeneration {unknown}


   Skills:
 - Level 1.0 Fighting
 + Level 2.2 Short Blades
 - Level 1.0 Staves
 - Level 1.0 Throwing
 - Level 3.0 Stealth
 - Level 2.0 Spellcasting
 - Level 2.0 Hexes
 - Level 1.0 Transmutations


You had 5 spell levels left.
You didn't know any spells.
Your spell library contained the following spells:

 Spells                   Type           Power        Failure   Level
 Apportation              Tloc           2%           24%         1
 Freeze                   Ice            4%           24%         1
 Ozocubu's Armour         Ice            1%           56%         3
 Teleport Other           Tloc           1%           56%         3


Dungeon Overview and Level Annotations

Branches:
Dungeon (2/15)

Altars:

Annotations:
D:2 Robin


Innate Abilities, Weirdness & Mutations

You cannot wear boots.
Your serpentine skin is tough. (AC +0)
You have supernaturally acute eyesight. (SInv)
Armour fits poorly on your strangely shaped body.
Your system is resistant to poisons. (rPois)
You cover ground very slowly.
You can spit poison.


Message History

The goblins go into a battle-frenzy!
A goblin comes into view.
Robin throws the goblin at you! The goblin hits you with a +0 dagger.
You see here a bat corpse.
You hit the goblin.
The goblin is moderately wounded.
Robin throws the goblin at you!
A goblin comes into view. It is wielding a +0 dagger.
The goblin barely misses you. The goblin hits you with a +0 dagger.
The goblin closely misses you.
The goblin shouts!
You hit the goblin.
You kill the goblin!
You hear an angry hiss.
The goblin hits you with a +0 dagger.
* * * LOW HITPOINT WARNING * * *
Robin throws the goblin at you!
* * * LOW HITPOINT WARNING * * *
The goblin barely misses you. The goblin hits you with a +0 dagger.
You die...

##..†..#.#..
.
#.......g...
.
#...........
..
#.....gg....#
..
##....g##...#
.. ##.†...##
... ..
#...†...#...#
..
#...g.......#
..
#.$.@......#
#
##(.g<..#..#
##.....#..#
###...# ##
#...# #####


You could see Robin and 5 goblins.

Vanquished Creatures
  3 bats
  3 goblins
  3 hobgoblins (D:1)
  A quokka (D:2)
  A ball python (D:1)
  3 frilled lizards
  A kobold (D:1)
  2 rats (D:1)
17 creatures vanquished.

Notes
Turn   | Place    | Note
-------+----------+-------------------------------------------
     0 | D:1      | MajorAdolf the Naga Wanderer began the quest for the Orb.
     0 | D:1      | MajorAdolf set off with the following items: a +2
                  | quarterstaff, a +0 robe, a +0 dagger; and the following
                  | spells available to memorise: Apportation, Freeze,
                  | Ozocubu's Armour, Teleport Other
     0 | D:1      | Reached XP level 1. HP: 18/18 MP: 3/3
   384 | D:1      | Reached skill level 1 in Short Blades
   752 | D:1      | Reached XP level 2. HP: 24/25 MP: 5/5
  1751 | D:2      | Identified the -4 helmet of Immorality {*Slow rF++ rN+
                  | Int+4}
  1751 | D:2      | Noticed Robin
  1759 | D:2      | Slain by a goblin

Illustrated notes

Levels and vault maps discovered:
D:1:      dpeg_arrival_castle, layout_loops_corners
D:2:      layout_rooms, grunt_decor_one_mirror, uniq_robin

Skill      XL: |  1  2 |
---------------+-------+-----
Short Blades   | 1 2 |  2.2
Fighting       | |  1.0
Staves         | |  1.0
Throwing       | |  1.0
Stealth        | |  3.0
Spellcasting   | |  2.0
Hexes          | |  2.0
Transmutations | |  1.0

Action                   || total
-------------------------++-------
Melee: Dagger            ||    70
 Abil: Spit Poison       ||     2
 Stab: Sleeping          ||     1
Armor: Robe              ||    12
Dodge: Dodged            ||    36
